 Dungeon Crawl Stone Soup version 0.28.0-49-g6dfe1f597d (webtiles) character file.

Game seed: 7954928704070069175

336 101zpm the Magician (level 6, -7/40 HPs)
             Began as a Djinni Fire Elementalist on May 13, 2022.
             Killed by an exploding crimson imp (13 damage)
             ... ignited by their inner flame
             ... on level 4 of the Dungeon.
             The game lasted 00:03:49 (2766 turns).

101zpm the Magician (Djinni Fire Elementalist)      Turns: 2766, Time: 00:03:50

Health: -7/40      AC:  2    Str:  7    XL:     6   Next: 84%
Gold:   20         EV: 12    Int: 19    God:
                   SH:  0    Dex: 13

rFire   + + .      SeeInvis .   (no weapon)
rCold   x . .      Faith    .   (no shield)
rNeg    . . .      Spirit   .   a - +0 robe
rPois   ∞          Reflect  .   (no helmet)
rElec   .          Harm     .   (no cloak)
rCorr   .          Rampage  .   (no gloves)
Will    .....                   (boots unavailable)
Stlth   ++........              (no amulet)
HPRegen 0.13/turn               (no ring)
MPRegen 0.00/turn               (no ring)

@: flying
A: sickness immunity, fire resistance 2, cold vulnerability 1, float, innate
caster, HP casting, extra vitality 1
a: no special abilities


You were on level 4 of the Dungeon.
You visited 1 branch of the dungeon, and saw 4 of its levels.

You collected 20 gold pieces.

Inventory:

Armour
 a - a +0 robe (worn)
Scrolls
 b - 2 scrolls of magic mapping {unknown}
 d - a scroll of teleportation {unknown}
Potions
 c - a potion of attraction {unknown}


   Skills:
 + Level 0.1 Fighting
 + Level 2.4 Dodging
 + Level 2.2 Stealth
 + Level 5.2 Spellcasting


You couldn't memorise any spells.
You knew the following spells:

 Your Spells              Type           Power      Damage    Failure   Level
a - Foxfire               Conj/Fire      96%        2x1d8     1%          1
b - Scorch                Fire           48%        2d7       2%          2
c - Conjure Flame         Conj/Fire      24%        6-21      4%          3
d - Inner Flame           Hex/Fire       24%        N/A       4%          3
e - Flame Wave            Conj/Fire      24%        2d7       14%         4
f - Shock                 Conj/Air       96%        1d9       1%          1
g - Static Discharge      Conj/Air       24%        N/A       2%          2
Your spell library was empty.

Dungeon Overview and Level Annotations

Branches:
Dungeon (4/15)
 Temple: D:4-7

Altars:


Innate Abilities, Weirdness & Mutations

You are immune to sickness and miasma.
You are immune to poison.
Your flesh is very heat resistant. (rF++)
You are vulnerable to cold. (rC-)
You float through the air rather than walking.
You learn spells naturally, not from books.
Your magical power is your life essence.
You have superior vitality. (+4 MHP)


Message History

The foxfire hits the hobgoblin zombie.
The hobgoblin zombie is heavily damaged.
Casting: Foxfire (safe; 1% risk of failure)
Confirm with . or Enter, or press ? or * to list all spells.
Flames lash the hobgoblin zombie.
You destroy the hobgoblin zombie!
* * * LOW HITPOINT WARNING * * *
The crimson imp blinks!
You are too injured to fight recklessly!
A crimson imp is nearby!
Casting: Scorch (safe; 2% risk of failure)
Confirm with . or Enter, or press ? or * to list all spells.
Aiming: Shock (safe; 1% risk of failure)
Press: ? - help, Shift-Dir - straight line The zap hits the crimson imp!
Flame seeps out of the crimson imp.
The crimson imp is heavily wounded.
The zap misses the crimson imp.
* * * LOW HITPOINT WARNING * * *
The crimson imp blinks!
You start resting.
A crimson imp is nearby!
Casting: Shock (safe; 1% risk of failure)
Confirm with . or Enter, or press ? or * to list all spells.
Aiming: Shock (safe; 1% risk of failure)
Press: ? - help, Shift-Dir - straight line The zap hits the crimson imp!
Flame seeps out of the crimson imp.
The crimson imp is heavily wounded.
The zap hits the crimson imp.
Flame seeps out of the crimson imp.
The crimson imp is severely wounded.
* * * LOW HITPOINT WARNING * * *
Casting: Shock (safe; 1% risk of failure)
Confirm with . or Enter, or press ? or * to list all spells.
The crimson imp is struck by an arc of lightning.
You are struck by an arc of lightning.
* * * LOW HITPOINT WARNING * * *
The lightning grounds out.
* * * LOW HITPOINT WARNING * * *
The crimson imp explodes!
The fiery explosion engulfs you! You resist.
You die...

#.###≈###'###≈#
#..##≈≈#...#≈≈#
##.##≈≈#...#≈≈#
#..#≈≈#.[.#≈≈#
##.#≈#######≈#
#..≈##≈≈≈##≈######
##.≈≈≈≈≈≈○§§.......
#..######§#####.#.
##... #@# #..≈#
#.)...... #.≈≈#
#.#°..##. #.≈8#
#.##..# #.≈≈# #.#
..# #..≈# #.# .#
#.# . #.# #.


There were no monsters in sight!

Vanquished Creatures
  2 ogres (D:4)
  A gnoll sergeant (D:4)
  A crimson imp (D:4)
  Terence (D:3)
  4 gnolls (D:4)
  5 endoplasms
  3 hobgoblins
  3 quokkas
  2 ball pythons
  3 bats
  3 frilled lizards (D:1)
  3 goblins
  A goblin zombie (D:4)
  A hobgoblin zombie (D:4)
  3 kobolds
  A kobold skeleton (D:4)
  An orc skeleton (D:4)
  An orc zombie (D:4)
  3 rats
42 creatures vanquished.

Vanquished Creatures (others)
  160 foxfires
  A plant (D:4)
161 creatures vanquished.

Grand Total: 203 creatures vanquished

Notes
Turn   | Place    | Note
-------+----------+-------------------------------------------
     0 | D:1      | 101zpm the Djinni Fire Elementalist began the quest for the
                  | Orb.
     0 | D:1      | Reached XP level 1. HP: 15/15 MP: 0/0
   486 | D:1      | Reached XP level 2. HP: 17/21 MP: 0/0
  1073 | D:1      | Reached skill level 3 in Spellcasting
  1374 | D:2      | Reached XP level 3. HP: 21/25 MP: 0/0
  1374 | D:2      | Learned a level 1 spell: Shock
  1733 | D:3      | Noticed Terence
  1738 | D:3      | Killed Terence
  1739 | D:3      | Reached XP level 4. HP: 23/31 MP: 0/0
  1881 | D:4      | Noticed an ogre
  1884 | D:4      | Killed an ogre
  1885 | D:4      | Reached skill level 4 in Spellcasting
  1885 | D:4      | Reached XP level 5. HP: 28/35 MP: 0/0
  1885 | D:4      | Learned a level 2 spell: Static Discharge
  2326 | D:4      | Reached XP level 6. HP: 4/40 MP: 0/0
  2744 | D:4      | Noticed an ogre
  2751 | D:4      | Killed an ogre
  2752 | D:4      | Reached skill level 5 in Spellcasting
  2766 | D:4      | Killed by an exploding crimson imp... ignited by their
                  | inner flame

Illustrated notes

Levels and vault maps discovered:
D:1:      ncdulo_halloftheorcs, layout_loops_ring, basic_ecumenical_altar,
          minivault_24, minivault_14, roderic_serpentine_path
D:2:      layout_basic, chequers_decorated_corner, uniq_jessica
D:3:      layout_basic, overflow_temple_1_default, mainiacjoe_overflow_alcove_2,
          uniq_sigmund, uniq_terence
D:4:      lemuel_castle_with_subvaults [lemuel_castle_interior_carwin_3],
          layout_basic, nicolae_tso_besieged_by_evil, fedhas_altar_2,
          grunt_decor_fettered, minmay_misc_feat_tiny, corexii_shack,
          moated_statue, chequers_arboretum, lightli_minifort

Skill      XL: |  1  2  3  4  5  6 |
---------------+-------------------+-----
Spellcasting   | 3 4 5 |  5.2
Stealth        | 2 |  2.2
Fighting       | |  0.1
Dodging        | |  2.4

Action                   |  1- 3 |  4- 6 || total
-------------------------+-------+-------++-------
 Cast: Foxfire           |    91 |    20 ||   111
       Scorch            |     2 |    21 ||    23
       Inner Flame       |       |    10 ||    10
       Static Discharge  |       |     2 ||     2
       Shock             |       |     3 ||     3
Dodge: Dodged            |     3 |     6 ||     9
